 Dungeon Crawl Stone Soup version 0.29-a0-275-g389c0b56f3 (webtiles) character file.

Game seed: 5511680488534673411

8 Murumi the Skirmisher (level 2, 31/31 HPs)
             Began as an Ogre Gladiator on Mar 11, 2022.
             Was an Initiate of Ru.
             Quit the game on level 1 of the Dungeon.
             The game lasted 00:01:10 (296 turns).

Murumi the Skirmisher (Ogre Gladiator)               Turns: 296, Time: 00:01:11

Health: 31/31      AC:  3    Str: 17    XL:     2   Next: 8%
Magic:  2/2        EV: 10    Int:  9    God:    Ru [......]
Gold:   35         SH:  0    Dex: 10    Spells: 1/1 levels left

rFire   . . .      SeeInvis .   a - +0 flail
rCold   . . .      Faith    .   (no shield)
rNeg    . . .      Spirit   .   b - +0 robe
rPois   .          Reflect  .   c - +0 hat
rElec   .          Harm     .   (no cloak)
rCorr   .          Rampage  .   (gloves unavailable)
Will    .....                   (boots unavailable)
Stlth   +.........              (no amulet)
HPRegen 0.10/turn               (no ring)
MPRegen 0.08/turn               (no ring)

@: no status effects
A: large, unfitting armour, tough skin 1
a: Renounce Religion


You were on level 1 of the Dungeon.
You worshipped Ru.
Ru was noncommittal.
You visited 1 branch of the dungeon, and saw 1 of its levels.

You collected 35 gold pieces.

Inventory:

Hand Weapons
 a - a +0 flail (weapon)
Missiles
 d - 3 throwing nets (quivered)
 e - a large rock
Armour
 b - a +0 robe (worn)
 c - a +0 hat (worn)
Jewellery
 f - a ring of ice
Potions
 g - a potion of might {unknown}


   Skills:
 - Level 3.0 Fighting
 - Level 3.0 Maces & Flails
 - Level 2.0 Throwing
 + Level 2.8 Dodging


You had one spell level left.
You didn't know any spells.
Your spell library was empty.

Dungeon Overview and Level Annotations

Branches:
Dungeon (1/15)

Altars:
Ru


Innate Abilities, Weirdness & Mutations

You are too large for most types of armour.
You have tough skin. (AC +1)


Message History

You see here a giant cockroach corpse.
You now have 26 gold pieces (gained 17).
An endoplasm comes into view.
The endoplasm quivers.
The endoplasm moves out of view.
You sock the endoplasm!
You kill the endoplasm!
Training target 3.0 for Maces & Flails reached!
Your Maces & Flails skill increases to level 3!
You need to enable at least one skill for training.
You have reached level 2!
You now have 35 gold pieces (gained 9).
A quokka comes into view.
Found a golden potion.
The quokka bites you.
You completely miss the quokka. The quokka barely misses you.
You miss the quokka. The quokka barely misses you.
The quokka closely misses you.
You closely miss the quokka.
The quokka bites you but does no damage.
A quokka is nearby!
You miss the quokka. The quokka barely misses you.
You closely miss the quokka. The quokka bites you.
The quokka barely misses you.
You hit the quokka.
The quokka is lightly wounded.
The quokka bites you but does no damage.
You sock the quokka!
You kill the quokka!
You see here a quokka corpse.
Found a dagger.
g - a golden potion You see here a +0 dagger.
Found a faded altar of an unknown god.
Found an escape hatch in the floor.
Search for what [? for help]? god
There is a faded altar of an unknown god here.
You cannot tell which god this altar belongs to.
Convert to them anyway?
Ru accepts your prayer! Ru welcomes you!
Are you sure you want to abandon this character and quit the game? (Confirm with "yes".)

. . #########. #####
#......... ...#
#.###..... #
####.####.###.....
#.##......)..........
#.....#.####.###.....
#.#§@...# #.###.....
#§§...# #......†..
..§§...# ###.####..
#>..###### #.###.#.
#.#. ####.##.### #.#.
.....##..#. . #
............ #
............
............


There were no monsters in sight!

Vanquished Creatures
  2 endoplasms (D:1)
  A giant cockroach (D:1)
  A quokka (D:1)
  A ball python (D:1)
  A goblin (D:1)
  2 rats (D:1)
8 creatures vanquished.

Notes
Turn   | Place    | Note
-------+----------+-------------------------------------------
     0 | D:1      | Murumi the Ogre Gladiator began the quest for the Orb.
     0 | D:1      | Reached XP level 1. HP: 22/22 MP: 1/1
   224 | D:1      | Reached XP level 2. HP: 31/31 MP: 2/2
   291 | D:1      | Found a faded altar of an unknown god.
   295 | D:1      | Prayed at the altar of an unknown god.
   295 | D:1      | Became a worshipper of Ru the Awakened
   296 | D:1      | Quit the game

Illustrated notes

Levels and vault maps discovered:
D:1:      lemuel_arrival_river_ford, layout_loops_cross,
          ebering_ecumenical_altar_mist

Skill      XL: |  1 |
---------------+----+-----
Fighting       | 3 |  3.0
Maces & Flails | 3 |  3.0
Throwing       | |  2.0
Dodging        | |  2.8

Action                   || total
-------------------------++-------
Melee: Flail             ||    23
  Use: Scroll            ||     1
Armor: Robe              ||     6
Dodge: Dodged            ||    14

Table legend: (Time is in decaauts)
 A = Elapsed time spent in this place.
 B = Non-inter-level travel time spent in this place.
 C = Inter-level travel time spent in this place.
 D = Time resting spent in this place.
 E = Time spent auto-exploring this place.
 F = Levels seen in this place.
 G = Mean time per level.
                   A        B        C        D        E       F      G
               +--------+--------+--------+--------+--------+-----+--------+
         Total |    303 |    300 |      3 |      0 |    224 |   1 |  303.0 |
       Dungeon |    303 |    300 |      3 |      0 |    224 |   1 |  303.0 |
               +--------+--------+--------+--------+--------+-----+--------+

Top non-repeatable levels by time:
     D:1: 303 daAuts
